[Event "Titled Tuesday Blitz November 07 Early 2023"]
[White "Csonka, Balazs"]
[Black "Le, Quang Liem"]
[WhiteFideId "742910"]
[BlackFideId "12401137"]
[WhiteElo "2754"]
[BlackElo "3051"]
[Result "1/2-1/2"]
[Round "3"]
[TimeControl "180+1"]
[Date "2023.11.07"]
[WhiteClock "0:00:03"]
[BlackClock "0:00:04"]
[Board "8"]

1. d4 Nf6 2. c4 e6 3. Nf3 Bb4+ 4. Bd2 a5 5. g3 b6 6. Bg2 Bb7 7. O-O O-O 8. Bf4 Be7 9. Qc2 Na6 10. Nc3 c5 11. Rad1 cxd4 12. Rxd4 Qc8 13. Qb1 Bc6 14. Rfd1 Qb7 15. Bd6 Bxd6 16. Rxd6 Rac8 17. b3 h6 18. Ne1 Bxg2 19. Nxg2 Nc5 20. Nf4 Rfd8 21. Nb5 Nce4 22. R6d3 d5 23. cxd5 e5 24. Ng2 Rc5 25. a4 Rcxd5 26. Ne3 R5d7 27. Nc4 Ng5 28. f3 e4 29. Rxd7 Rxd7 30. Rxd7 Qxd7 31. Qf1 exf3 32. exf3 Qd5 33. Kg2 Ng4 34. Qe2 Qc6 35. Nd4 Qb7 36. h4 Nh7 37. Qe8+ Nf8 38. Qc6 Qxc6 39. Nxc6 Nf6 40. Nxb6 Ne6 41. Nxa5 Nd4 42. b4 Kf8 43. b5 Ke7 44. Nc6+ Nxc6 45. bxc6 Kd6 46. Nc4+ Kxc6 47. Ne5+ Kc5 48. Nxf7 Kb4 49. g4 Kxa4 50. Kg3 Kb5 51. Kf4 Kc6 52. Kf5 Ne8 53. Kg6 Kd7 54. Ne5+ Ke7 55. Nd3 Kf8 56. Nf4 Kg8 57. Ne6 Kh8 58. f4 Kg8 59. f5 Kh8 60. Kf7 Nf6 61. g5 hxg5 62. hxg5 Ne4 63. Kg6 Kg8 64. Nf4 Nd6 65. Nh5 Nf7 66. f6 Nxg5 67. Kxg5 gxf6+ 68. Nxf6+ 1/2-1/2


[Site "https://www.chess.com"]

[Event "Titled Tuesday Blitz November 07 Early 2023"]
[White "Martinez Alcantara, Jose Eduardo"]
[Black "Wong, Yinn Long"]
[WhiteFideId "3805662"]
[BlackFideId "5707684"]
[WhiteElo "3044"]
[BlackElo "2752"]
[Result "1-0"]
[Round "3"]
[TimeControl "180+1"]
[Date "2023.11.07"]
[WhiteClock "0:01:56"]
[BlackClock "0:01:11"]
[Board "9"]

1. e4 c5 2. Nf3 d6 3. c3 Nf6 4. h3 Nc6 5. Bd3 g6 6. Bc2 Bg7 7. d4 O-O 8. O-O cxd4 9. cxd4 Nb4 10. Bb3 d5 11. e5 Ne4 12. Nc3 Nxc3 13. bxc3 Nc6 14. Bc2 Bd7 15. Rb1 Na5 16. Ng5 e6 17. h4 Rc8 18. Ba3 Re8 19. Qf3 f6 20. Nxh7 Kxh7 21. Qh5+ Kg8 22. Bxg6 Re7 23. Qh7+ Kf8 24. exf6 Bxf6 25. Qf7# 1-0


[Site "https://www.chess.com"]

[Event "Titled Tuesday Blitz November 07 Early 2023"]
[White "Preotu, Razvan"]
[Black "Pranesh M"]
[WhiteFideId "2613280"]
[BlackFideId "35028600"]
[WhiteElo "2733"]
[BlackElo "3029"]
[Result "0-1"]
[Round "3"]
[TimeControl "180+1"]
[Date "2023.11.07"]
[WhiteClock "0:00:01"]
[BlackClock "0:00:35"]
[Board "10"]

1. e4 e5 2. Nf3 Nc6 3. Bc4 Nf6 4. d3 Bc5 5. c3 O-O 6. O-O h6 7. Re1 a6 8. a4 Ba7 9. h3 d6 10. Nbd2 Nh5 11. Nf1 Qf6 12. Ne3 Nf4 13. Ng4 Bxg4 14. hxg4 Ne7 15. d4 Neg6 16. g3 Ne6 17. Be3 Rad8 18. d5 Ng5 19. Bxg5 hxg5 20. Kg2 Qe7 21. Rh1 f6 22. b4 Qd7 23. Nd2 Kf7 24. Qf3 Rh8 25. a5 Ne7 26. Rab1 Rb8 27. b5 Rxh1 28. Kxh1 axb5 29. Bxb5 c6 30. dxc6 bxc6 31. Bc4+ d5 32. Rxb8 Bxb8 33. Bb3 Ke8 34. a6 Ba7 35. Kg2 Qd8 36. exd5 cxd5 37. Nf1 Qb6 38. Ba4+ Kf8 39. Ne3 Qxa6 40. Bb3 Bxe3 41. Qxe3 Qb7 42. Bd1 d4+ 43. Qf3 e4 44. Qe2 dxc3 45. Bc2 e3+ 46. f3 Qb2 47. Qd3 Nd5 48. Qxd5 Qxc2+ 49. Kh3 Qh7+ 50. Kg2 Qc2+ 51. Kh3 Qd2 52. Qc5+ Ke8 53. Qc8+ Kf7 54. Qc4+ Kg6 55. Qe4+ Kf7 56. Qc4+ Ke7 57. Qc7+ Ke6 58. Qc6+ Qd6 59. Qxc3 Qe5 60. Qc8+ Kf7 61. Qc4+ Qe6 62. Qc7+ Kg8 63. Qd8+ Kh7 64. Qd3+ Kh6 65. Qd8 Kh7 66. Qd3+ g6 67. Qe2 f5 68. gxf5 gxf5 69. Kg2 Kh6 70. Kf1 f4 71. g4 Qb3 72. Qh2+ Kg7 73. Qh5 Qd1+ 74. Kg2 Qd5 75. Qe8 Qd2+ 76. Kh3 Qd6 77. Qe4 Qg6 78. Qe7+ Kg8 79. Qd8+ Kh7 80. Qe7+ Qg7 81. Qe4+ Kh6 82. Qe6+ Qg6 83. Qe5 Qh7 84. Qe6+ Kg7+ 85. Kg2 Qc2+ 86. Kh3 Qc7 87. Qf5 Qe7 88. Qb1 e2 89. Qe1 Qe3 90. Kg2 Kg8 91. Qb1 e1=Q 92. Qg6+ Kf8 93. Qf6+ Ke8 94. Qc6+ Kd8 95. Qd6+ Kc8 96. Qc6+ Kb8 97. Qb5+ Kc7 98. Qc4+ Kd6 99. Qa6+ Kc5 100. Qa7+ Kb4 101. Qb7+ Ka3 102. Qa6+ Kb2 103. Qb5+ Qb3 0-1


[Site "https://www.chess.com"]

[Event "Titled Tuesday Blitz November 07 Early 2023"]
[White "Xiong, Jeffery"]
[Black "Perez Gormaz, Matias"]
[WhiteFideId "2047640"]
[BlackFideId "3406342"]
[WhiteElo "3010"]
[BlackElo "2731"]
[Result "1-0"]
[Round "3"]
[TimeControl "180+1"]
[Date "2023.11.07"]
[WhiteClock "0:01:01"]
[BlackClock "0:00:02"]
[Board "11"]

1. d4 Nf6 2. c4 e6 3. Nc3 Bb4 4. Nf3 Bxc3+ 5. bxc3 d6 6. Nd2 e5 7. e4 c5 8. Bd3 O-O 9. O-O Nc6 10. Nb3 b6 11. f4 exd4 12. cxd4 cxd4 13. Bb2 Re8 14. Qf3 Bb7 15. Rae1 Nb4 16. Bb1 d3 17. Nd2 b5 18. cxb5 d5 19. Bxf6 Qxf6 20. e5 Qb6+ 21. Kh1 d4 22. Qg3 Qg6 23. Qf2 Nc2 24. Rd1 Ne3 25. Rg1 Ng4 26. Qg3 Qh5 27. h3 Nf2+ 28. Kh2 Nxd1 29. Bxd3 Ne3 30. Nb3 Rad8 31. Nc5 Ba8 32. a4 Qh6 33. Rc1 f6 34. e6 f5 35. a5 Nxg2 36. b6 axb6 37. axb6 Qxf4 38. b7 Qxg3+ 39. Kxg3 Bxb7 40. Nxb7 Ne3 41. Nxd8 Rxd8 42. Bb5 Rf8 43. e7 1-0


[Site "https://www.chess.com"]

[Event "Titled Tuesday Blitz November 07 Early 2023"]
[White "Deac, Bogdan-Daniel"]
[Black "Orozbaev, Eldiar"]
[WhiteFideId "1226380"]
[BlackFideId "13802240"]
[WhiteElo "3003"]
[BlackElo "2726"]
[Result "1/2-1/2"]
[Round "3"]
[TimeControl "180+1"]
[Date "2023.11.07"]
[WhiteClock "0:00:06"]
[BlackClock "0:00:05"]
[Board "12"]

1. b3 Nf6 2. Bb2 e6 3. c4 Be7 4. Nf3 d5 5. g3 O-O 6. Bg2 c5 7. cxd5 exd5 8. d4 Ne4 9. O-O Nc6 10. Qc1 Bg4 11. dxc5 Bxc5 12. Nc3 Bb6 13. Qf4 Bxf3 14. Bxf3 Nxc3 15. Bxc3 d4 16. Rfd1 Qe7 17. Bb2 Rad8 18. Rac1 Rfe8 19. Kg2 h6 20. h4 Qe6 21. Rd2 Ba5 22. Rd3 Bb6 23. Rd2 Ba5 24. Rdc2 Bb6 25. Bxc6 bxc6 26. Qf3 c5 27. Ba3 Rd5 28. Bxc5 Rf5 29. Qb7 Bxc5 30. Rxc5 Rxc5 31. Rxc5 Qxe2 32. Rc7 Rf8 33. Qxa7 d3 34. Rd7 Qe4+ 35. Kh2 Ra8 36. Qd4 Qxd4 37. Rxd4 Rxa2 38. Kg2 d2 39. b4 Rb2 40. Rd8+ Kh7 41. b5 Rxb5 42. Rxd2 Rf5 43. Rd3 1/2-1/2


[Site "https://www.chess.com"]

[Event "Titled Tuesday Blitz November 07 Early 2023"]
[White "Wagner, Dennis"]
[Black "Oparin, Grigoriy"]
[WhiteFideId "24650684"]
[BlackFideId "24125890"]
[WhiteElo "2721"]
[BlackElo "2983"]
[Result "0-1"]
[Round "3"]
[TimeControl "180+1"]
[Date "2023.11.07"]
[WhiteClock "0:00:04"]
[BlackClock "0:00:13"]
[Board "13"]

1. d4 Nf6 2. c4 e6 3. Nf3 b6 4. a3 Bb7 5. Nc3 d5 6. cxd5 Nxd5 7. e3 Be7 8. Bb5+ c6 9. Bd3 Nxc3 10. bxc3 O-O 11. Qc2 h6 12. O-O c5 13. e4 Qc7 14. Qe2 Rd8 15. h4 Nd7 16. a4 cxd4 17. cxd4 e5 18. d5 Nc5 19. Be3 Rac8 20. Rfc1 Bd6 21. Nd2 Qe7 22. h5 Qh4 23. g3 Qh3 24. Bc4 Be7 25. Qf3 Bg5 26. Bf1 Qd7 27. Bxg5 hxg5 28. Bb5 Qe7 29. Qf5 Qf6 30. Qxf6 gxf6 31. g4 Kf8 32. f3 Ke7 33. Kf2 Rh8 34. Bc4 a6 35. Ke3 Nd7 36. Nf1 f5 37. exf5 Nf6 38. d6+ Kxd6 39. Bxf7 e4 40. fxe4 Nxg4+ 41. Kd4 Ke7 42. Bd5 Bxd5 43. exd5 Nf6 44. Rxc8 Rxc8 45. Re1+ Kf7 46. Ng3 Rc5 47. Re6 Ra5 48. Rxb6 Rxa4+ 49. Kd3 Ra3+ 50. Ke2 Rxg3 51. Rxa6 Nxd5 52. Kf2 Rg4 53. Kf3 Rf4+ 54. Kg3 Ne3 55. Ra7+ Kf6 56. Ra6+ Kxf5 57. Ra5+ Kf6 58. Ra6+ Ke5 59. Ra5+ Nd5 60. h6 Rh4 61. h7 Ke6 62. Ra6+ Kf5 63. Ra5 Ke5 64. h8=Q+ Rxh8 65. Kg4 Rg8 66. Rb5 Ke6 67. Ra5 Nf6+ 68. Kg3 g4 69. Ra6+ Kf5 70. Ra5+ Kg6 71. Ra6 Re8 72. Kf4 Re4+ 73. Kg3 Re3+ 74. Kf2 Rf3+ 75. Kg2 Kg5 76. Ra5+ Kh4 77. Ra8 Nh5 78. Ra1 Nf4+ 79. Kh2 Rh3+ 80. Kg1 Rb3 81. Ra8 Kg3 82. Ra1 Kh3 83. Kh1 g3 84. Re1 Rb2 85. Kg1 Rg2+ 86. Kh1 Rh2+ 87. Kg1 Ne2+ 88. Kf1 Rf2# 0-1


[Site "https://www.chess.com"]

[Event "Titled Tuesday Blitz November 07 Early 2023"]
[White "Kovalenko, Igor"]
[Black "MKlose11"]
[WhiteFideId "14117908"]
[WhiteElo "2960"]
[BlackElo "2719"]
[Result "1-0"]
[Round "3"]
[TimeControl "180+1"]
[Date "2023.11.07"]
[WhiteClock "0:00:32"]
[BlackClock "0:00:02"]
[Board "14"]

1. c4 Nf6 2. Nc3 c5 3. Nf3 Nc6 4. a3 d6 5. e4 g6 6. d4 cxd4 7. Nxd4 Bg7 8. Nc2 O-O 9. Be2 Be6 10. O-O Rc8 11. Rb1 a6 12. Bd2 Nd7 13. Kh1 Nd4 14. Nxd4 Bxd4 15. b3 Bg7 16. Nd5 Bxd5 17. exd5 Rb8 18. f4 b5 19. f5 bxc4 20. Bxc4 Nb6 21. Bxa6 Nxd5 22. Bc4 Nb6 23. Ba5 Qd7 24. Bxb6 Rxb6 25. Qd3 gxf5 26. Rxf5 e6 27. Rh5 h6 28. a4 d5 29. Bb5 Qc7 30. Rh3 Rc8 31. Qd2 Qc2 32. Qxc2 Rxc2 33. b4 e5 34. Bf1 e4 35. a5 Rb8 36. b5 d4 37. b6 d3 38. Bxd3 exd3 39. Rxd3 Ra2 40. Rd5 Bc3 41. Rc5 Bxa5 42. b7 Rxb7 43. Rf1 Bb4 44. Rc4 Bf8 45. Rh4 Bg7 46. g3 Rab2 47. Rhf4 Rb1 48. Rxf7 Rxf7 49. Rxb1 Bf6 50. Kg2 Kg7 51. Kh3 Kg6 52. Rb6 Re7 53. Kg2 Re2+ 54. Kh3 Rc2 55. Ra6 Kg7 56. Ra7+ Kg6 57. Ra6 Kf5 58. Ra5+ Be5 59. Ra4 Rd2 60. Rh4 Bg7 61. Rb4 Be5 62. Rh4 Kg5 63. Rg4+ Kf5 64. Rb4 Bd4 65. Rb5+ Kg6 66. Rb1 Kf5 67. Rf1+ Kg5 68. Rb1 h5 69. Rb5+ Kg6 70. Rb1 Bf6 71. Rb6 Rd3 72. Kg2 h4 73. gxh4 Kf5 74. h5 Be5 75. Rb5 Rd2+ 76. Kg1 Ke4 77. h6 Bd4+ 78. Kh1 Rd1+ 79. Kg2 Rg1+ 80. Kh3 Rg6 81. Rh5 Rg8 82. h7 Rh8 83. Kg4 Be5 84. Kg5 Bd4 85. Kg6 Ke3 86. Rf5 Ke4 87. Rf7 Be5 88. h3 Ke3 89. Kh6 Ke4 90. Kg6 Bf4 91. h4 Be5 92. h5 Bf4 93. h6 Be5 94. Re7 Kf4 95. Rf7+ Kg4 96. Rg7 Bd4 97. Rg8 Kh4 98. Rg7 Bc3 99. Rc7 Bb2 100. Rc2 Ba1 101. Ra2 Bc3 102. Ra4+ Kg3 103. Ra3 Rc8 104. Rxc3+ Rxc3 105. h8=Q 1-0


[Site "https://www.chess.com"]

[Event "Titled Tuesday Blitz November 07 Early 2023"]
[White "Darini, Pouria"]
[Black "Grigoriants, Sergey"]
[WhiteFideId "12502200"]
[BlackFideId "4130804"]
[WhiteElo "2714"]
[BlackElo "2954"]
[Result "1-0"]
[Round "3"]
[TimeControl "180+1"]
[Date "2023.11.07"]
[WhiteClock "0:00:10"]
[BlackClock "0:00:10"]
[Board "15"]

1. e4 c5 2. Nf3 Nc6 3. Bb5 e6 4. O-O Nd4 5. Nxd4 cxd4 6. c3 Bc5 7. b4 Bb6 8. Na3 Ne7 9. Nc4 Bc7 10. Ba4 a6 11. Bb3 b5 12. Nb2 Bb7 13. Re1 Nc6 14. Nd3 Bb6 15. a4 O-O 16. Nc5 Bxc5 17. bxc5 Qg5 18. d3 Qxc5 19. Ba3 Qxc3 20. Rc1 Qa5 21. Bxf8 Rxf8 22. axb5 axb5 23. Ra1 Qb4 24. Rb1 Qc3 25. Qe2 Ne5 26. Bc2 Bc6 27. Rb3 Qa5 28. Reb1 Rc8 29. Bd1 h6 30. h3 Ng6 31. g3 Qd8 32. Qh5 Qg5 33. Qxg5 hxg5 34. Kf1 Kf8 35. Ra1 Ke7 36. Ke2 Rh8 37. Bc2 Rxh3 38. Rf1 Rh2 39. Bd1 Ne5 40. Kd2 g4 41. Rb4 g6 42. Rxd4 f5 43. Rb4 fxe4 44. dxe4 Kf6 45. Ke3 Nc4+ 46. Kd4 Nd2 47. e5+ Ke7 48. Re1 Rxf2 49. Ke3 Rh2 50. Rxg4 Nc4+ 51. Kd3 Rg2 52. Rxg6 Kd8 53. Rg8+ Kc7 54. Kd4 Kb6 55. Be2 Nd2 56. Ke3 Nb3 57. Bd3 Nc5 58. Be2 Rh2 59. g4 Nb3 60. g5 Rh3+ 61. Kf4 Nd4 62. Bg4 Rh2 63. g6 Rf2+ 64. Kg5 Nf3+ 65. Bxf3 Rxf3 66. g7 Rg3+ 67. Kf6 Rf3+ 68. Ke7 Rg3 69. Kf6 Rf3+ 70. Ke7 Rg3 71. Rf1 b4 72. Rf7 b3 73. Rb8+ Bb7 74. g8=Q Rxg8 75. Rxg8 b2 76. Rg1 Be4 77. Rf2 b1=Q 78. Rxb1+ Bxb1 79. Rb2+ Kc6 80. Rxb1 Kd5 81. Re1 1-0


[Site "https://www.chess.com"]

[Event "Titled Tuesday Blitz November 07 Early 2023"]
[White "Rostovtsev, Dmitry"]
[Black "Halkias, Stelios"]
[WhiteFideId "34278320"]
[BlackFideId "4201809"]
[WhiteElo "2946"]
[BlackElo "2713"]
[Result "1/2-1/2"]
[Round "3"]
[TimeControl "180+1"]
[Date "2023.11.07"]
[WhiteClock "0:00:03"]
[BlackClock "0:00:07"]
[Board "16"]

1. d4 Nf6 2. c4 e6 3. Nc3 d5 4. cxd5 exd5 5. Bf4 c6 6. e3 Bd6 7. Bxd6 Qxd6 8. Bd3 O-O 9. Nge2 Re8 10. Qd2 Nbd7 11. h3 b5 12. O-O Nb6 13. b3 a5 14. a4 b4 15. Nd1 c5 16. dxc5 Qxc5 17. Rc1 Qd6 18. Nd4 Bd7 19. Nb2 Rec8 20. Qe2 g6 21. Qd2 Kg7 22. Rfd1 Qe5 23. Nf3 Qd6 24. Bb1 Be6 25. e4 Qe7 26. e5 Ne4 27. Qd4 Nc3 28. Kh2 Nxd1 29. Rxd1 Nd7 30. Nd3 Nc5 31. Nxc5 Rxc5 32. Qf4 h6 33. h4 Rc3 34. Nd4 Re8 35. Bd3 Bd7 36. Nf3 Rxb3 37. h5 g5 38. Qd4 Be6 39. Bb5 Rc8 40. Qd2 Rbc3 41. Nd4 Bg4 42. Re1 Be6 43. f4 gxf4 44. Qxf4 Qg5 45. Qf2 Qxh5+ 46. Kg1 Qg5 47. Rf1 Rc1 48. Nxe6+ fxe6 49. Qf7+ Kh8 50. Qxe6 Rxf1+ 51. Bxf1 Qe3+ 52. Kh1 Rf8 53. Bb5 Qc1+ 54. Kh2 Qf4+ 55. Kg1 Qd4+ 56. Kh2 Qh4+ 57. Kg1 Qf2+ 58. Kh2 Qf4+ 59. Kg1 d4 60. Qd5 Qf2+ 61. Kh2 Qf4+ 62. Kg1 Qc1+ 63. Kh2 Qg5 64. Qd6 Qh4+ 65. Kg1 Qe1+ 66. Kh2 Qh4+ 67. Kg1 Qf4 68. Qd5 1/2-1/2


[Site "https://www.chess.com"]

[Event "Titled Tuesday Blitz November 07 Early 2023"]
[White "GaiozNigalidze"]
[Black "Navara, David"]
[BlackFideId "309095"]
[WhiteElo "2710"]
[BlackElo "2933"]
[Result "0-1"]
[Round "3"]
[TimeControl "180+1"]
[Date "2023.11.07"]
[WhiteClock "0:00:16"]
[BlackClock "0:00:21"]
[Board "17"]

1. d4 Nf6 2. c4 g6 3. Nc3 d5 4. cxd5 Nxd5 5. Bd2 Bg7 6. e4 Nxc3 7. Bxc3 O-O 8. Nf3 Bg4 9. Be2 Nc6 10. d5 Bxc3+ 11. bxc3 Bxf3 12. gxf3 Na5 13. h4 c6 14. h5 cxd5 15. hxg6 fxg6 16. exd5 Rc8 17. Rc1 Qd6 18. Qd4 e6 19. Qxa7 Qxd5 20. Rd1 Qe5 21. Qd4 Qxd4 22. Rxd4 Rxc3 23. Rd7 Rf7 24. Rxf7 Kxf7 25. Rxh7+ Kf6 26. Rd7 Rc1+ 27. Bd1 Rb1 28. a4 Ke5 29. Ke2 Rb2+ 30. Kf1 b6 31. Be2 Nc6 32. Bb5 Nd4 33. f4+ Ke4 34. Rd6 Nxb5 35. axb5 Kf3 36. Kg1 Rb1+ 37. Kh2 Rxb5 38. Rxe6 Kxf2 39. Kh3 Kf3 40. Kh4 Rh5# 0-1


[Site "https://www.chess.com"]

[Event "Titled Tuesday Blitz November 07 Early 2023"]
[White "Baskakov, Egor"]
[Black "Timerkhanov, Alexander"]
[WhiteFideId "24197866"]
[BlackFideId "24177938"]
[WhiteElo "2930"]
[BlackElo "2710"]
[Result "1/2-1/2"]
[Round "3"]
[TimeControl "180+1"]
[Date "2023.11.07"]
[WhiteClock "0:00:46"]
[BlackClock "0:01:00"]
[Board "18"]

1. e4 c5 2. Nf3 a6 3. c4 Nc6 4. d4 cxd4 5. Nxd4 Nf6 6. Nc3 e5 7. Nde2 Bc5 8. Ng3 d6 9. Be2 h6 10. O-O O-O 11. Nh5 Nd4 12. Nxf6+ Qxf6 13. Bg4 Be6 14. b3 b5 15. Nd5 Bxd5 16. cxd5 b4 17. Be3 a5 18. Qd3 a4 19. Bd7 axb3 20. axb3 Ra3 21. Rab1 Qg6 22. f4 Ra2 23. Rf2 Nf3+ 24. Kh1 Rxf2 25. Bxf2 Bxf2 26. Qxf3 Bd4 27. Rf1 exf4 28. Qxf4 Be5 29. Qf3 Ra8 30. g3 Qf6 31. Qe2 Ra1 32. Rxa1 Bxa1 33. Kg2 g6 1/2-1/2


[Site "https://www.chess.com"]

[Event "Titled Tuesday Blitz November 07 Early 2023"]
[White "Nagare Kaivalya Sandip"]
[Black "Khismatullin, Denis"]
[WhiteFideId "25957929"]
[BlackFideId "4142578"]
[WhiteElo "2708"]
[BlackElo "2928"]
[Result "0-1"]
[Round "3"]
[TimeControl "180+1"]
[Date "2023.11.07"]
[WhiteClock "0:00:04"]
[BlackClock "0:00:46"]
[Board "19"]

1. e4 c5 2. Nf3 d6 3. d4 cxd4 4. Nxd4 Nf6 5. Nc3 a6 6. Bg5 e6 7. f4 Be7 8. Qf3 Qc7 9. O-O-O Nbd7 10. Bd3 b5 11. Rhe1 Bb7 12. Qg3 O-O-O 13. Bxf6 Bxf6 14. Bxb5 Nc5 15. Bf1 g5 16. fxg5 Be5 17. Qe3 Kb8 18. Kb1 Rc8 19. g3 Bg7 20. Nb3 Nxe4 21. Rd3 Bxc3 22. bxc3 Nxc3+ 23. Ka1 d5 24. Qe5 Ne4 25. Qxc7+ Rxc7 26. Kb2 Rhc8 27. Nd4 e5 28. Nb3 Rxc2+ 29. Kb1 Rxh2 30. Na5 Nc3+ 31. Rxc3 Rxc3 32. Nxb7 Kxb7 33. Rxe5 Rf3 34. Re7+ Kb6 35. Be2 Rff2 0-1


[Site "https://www.chess.com"]

[Event "Titled Tuesday Blitz November 07 Early 2023"]
[White "Kukhmazov, Arsen"]
[Black "Wu, Derek"]
[WhiteFideId "24108260"]
[BlackFideId "30914558"]
[WhiteElo "2914"]
[BlackElo "2705"]
[Result "1-0"]
[Round "3"]
[TimeControl "180+1"]
[Date "2023.11.07"]
[WhiteClock "0:01:10"]
[BlackClock "0:00:20"]
[Board "20"]

1. d4 d5 2. c4 c6 3. Nf3 Nf6 4. Nc3 e6 5. Bg5 dxc4 6. e4 h6 7. Bh4 b5 8. e5 g5 9. Nxg5 hxg5 10. Bxg5 Nbd7 11. g3 Bb7 12. Bg2 Qb6 13. exf6 O-O-O 14. O-O c5 15. d5 b4 16. Rb1 Qa6 17. dxe6 Bxg2 18. e7 Bxf1 19. Qd5 Re8 20. Ne4 Bh6 21. Nd6+ Kc7 22. Bxh6 Qxd6 23. Bf4 Qxf4 24. gxf4 Bd3 25. Re1 Reg8+ 26. Kh1 Bg6 27. Qxc4 Nxf6 28. Qxc5+ Kb7 29. Qb5+ Kc7 30. Qe5+ 1-0


[Site "https://www.chess.com"]

[Event "Titled Tuesday Blitz November 07 Early 2023"]
[White "Rakotomaharo, Fy Antenaina"]
[Black "Aravindh, Chithambaram VR."]
[WhiteFideId "13100050"]
[BlackFideId "5072786"]
[WhiteElo "2705"]
[BlackElo "2913"]
[Result "0-1"]
[Round "3"]
[TimeControl "180+1"]
[Date "2023.11.07"]
[WhiteClock "0:00:01"]
[BlackClock "0:00:06"]
[Board "21"]

1. Nf3 Nf6 2. d4 g6 3. Bg5 Bg7 4. c3 O-O 5. Nbd2 d5 6. e3 Nbd7 7. Be2 c5 8. O-O b6 9. a4 Bb7 10. h3 a6 11. Qb1 Nh5 12. Bh4 h6 13. Ne1 Nhf6 14. b4 cxd4 15. cxd4 Ne4 16. Nxe4 dxe4 17. Nc2 Nf6 18. b5 a5 19. Na3 Nd5 20. Rc1 g5 21. Bg3 f5 22. Bc4 Rc8 23. Bb3 Rxc1+ 24. Qxc1 f4 25. exf4 Bxd4 26. Ra2 e6 27. fxg5 e3 28. Nc4 Qxg5 29. Qe1 Nc3 30. fxe3 Bc5 31. Nxa5 Nxa2 32. Nxb7 Qxe3+ 33. Qxe3 Bxe3+ 34. Kh2 Nc1 35. Bxe6+ Kh7 36. a5 bxa5 37. Nxa5 Ne2 38. Bd6 Bg1+ 39. Kh1 Rf1 40. Bc4 Bc5+ 41. Kh2 Bxd6+ 42. g3 Rf2+ 43. Kh1 Nxg3+ 44. Kg1 Bc5 45. Nb3 Be3 0-1


[Site "https://www.chess.com"]

[Event "Titled Tuesday Blitz November 07 Early 2023"]
[White "Bauman_Guy"]
[Black "Nasuta, Grzegorz"]
[BlackFideId "1141686"]
[WhiteElo "2910"]
[BlackElo "2702"]
[Result "1-0"]
[Round "3"]
[TimeControl "180+1"]
[Date "2023.11.07"]
[WhiteClock "0:01:01"]
[BlackClock "0:00:00"]
[Board "22"]

1. e4 c5 2. Nf3 d6 3. d4 cxd4 4. Nxd4 Nf6 5. Nc3 a6 6. h3 e6 7. g3 Be7 8. Bg2 O-O 9. O-O Qc7 10. a4 Nc6 11. Nxc6 bxc6 12. a5 Rb8 13. b3 c5 14. Re1 Rd8 15. Be3 Bb7 16. Qe2 Nd7 17. Na4 Bf6 18. Rad1 Bc6 19. Bf4 Be5 20. Bxe5 Nxe5 21. Nb6 Nd7 22. Nc4 Bb5 23. f4 Nf6 24. Qd2 d5 25. exd5 Nxd5 26. Ne5 Nb4 27. Qc3 Nd5 28. Qa1 c4 29. Rd4 Qc5 30. Kh2 cxb3 31. c4 Nb4 32. Rxd8+ Rxd8 33. cxb5 Nc2 34. Qc1 Qxb5 35. Rd1 Rxd1 36. Qxd1 h6 37. Qd8+ Kh7 38. Be4+ f5 39. Bd3 Qxa5 40. Qxa5 1-0


[Site "https://www.chess.com"]

[Event "Titled Tuesday Blitz November 07 Early 2023"]
[White "Svane, Frederik"]
[Black "Akhmedinov, Satbek"]
[WhiteFideId "12923044"]
[BlackFideId "13714287"]
[WhiteElo "2905"]
[BlackElo "2697"]
[Result "0-1"]
[Round "3"]
[TimeControl "180+1"]
[Date "2023.11.07"]
[WhiteClock "0:01:07"]
[BlackClock "0:00:27"]
[Board "23"]

1. d4 Nf6 2. Nf3 e6 3. Bf4 d5 4. Nbd2 Bd6 5. Bg5 h6 6. Bxf6 gxf6 7. e3 b6 8. a4 a5 9. c3 Bb7 10. Bd3 f5 11. Qe2 Nd7 12. O-O Qf6 13. g3 Ke7 14. Nh4 Rhg8 15. Kh1 c5 16. Ndf3 c4 17. Bc2 Ba6 18. Ng1 Nf8 19. Qh5 Rg5 20. Qd1 Rg8 21. Re1 Ng6 22. Ngf3 Rgb8 23. b3 cxb3 24. Bxb3 Kf8 25. Bc2 Kg7 26. Bd3 b5 27. axb5 Bxb5 28. Bxb5 Rxb5 29. Qe2 Rab8 30. Ra2 Qd8 31. Ng2 Qc7 32. Qc2 Rb3 33. Rc1 Ba3 34. Nd2 Rb2 35. Rxb2 Rxb2 36. Qa4 Rxd2 37. Qxa3 Rxf2 38. Kg1 Rd2 39. c4 dxc4 40. Qc3 Rd3 41. Qxc4 Rd1+ 0-1


[Site "https://www.chess.com"]

[Event "Titled Tuesday Blitz November 07 Early 2023"]
[White "Hua, Lefong"]
[Black "Sethuraman, S.P."]
[WhiteFideId "2602253"]
[BlackFideId "5021596"]
[WhiteElo "2696"]
[BlackElo "2895"]
[Result "0-1"]
[Round "3"]
[TimeControl "180+1"]
[Date "2023.11.07"]
[WhiteClock "0:00:21"]
[BlackClock "0:00:28"]
[Board "24"]

1. d4 d5 2. c4 e6 3. Nc3 c6 4. e3 f5 5. Nf3 Bd6 6. Bd3 Nh6 7. b3 O-O 8. Bb2 Nd7 9. O-O Nf7 10. Ne2 Qf6 11. a4 Qh6 12. Ba3 Bxa3 13. Rxa3 g5 14. g3 Nf6 15. Kg2 Bd7 16. h4 g4 17. Ne5 Nxe5 18. dxe5 Ne4 19. Bxe4 fxe4 20. Nf4 Qg7 21. Nh5 Qxe5 22. Qxg4+ Kh8 23. Qg5 Rf5 24. Qe7 Be8 25. Nf4 Bf7 26. Raa1 Rg8 27. Kh2 Qg7 28. Qxb7 e5 29. Nh3 Rxf2+ 30. Rxf2 Qxg3+ 31. Kh1 Qxh3+ 32. Rh2 Qf3+ 33. Rg2 Qxg2# 0-1


[Site "https://www.chess.com"]

[Event "Titled Tuesday Blitz November 07 Early 2023"]
[White "Zhigalko, Sergei"]
[Black "Lukovic, Vladimir"]
[WhiteFideId "13502956"]
[BlackFideId "942952"]
[WhiteElo "2892"]
[BlackElo "2694"]
[Result "1-0"]
[Round "3"]
[TimeControl "180+1"]
[Date "2023.11.07"]
[WhiteClock "0:00:05"]
[BlackClock "0:00:03"]
[Board "25"]

1. e4 e5 2. Nf3 Nc6 3. Bc4 Bc5 4. b4 Bxb4 5. c3 Be7 6. d4 Na5 7. Bd3 d6 8. dxe5 dxe5 9. Nxe5 Nf6 10. O-O O-O 11. Qc2 Be6 12. Nd2 c5 13. c4 Qc7 14. Bb2 Rad8 15. f4 Bc8 16. Ndf3 b6 17. Rae1 h6 18. Bc3 Nb7 19. h3 Nd6 20. f5 Bb7 21. Ng4 Nxg4 22. hxg4 f6 23. e5 fxe5 24. Nxe5 Bf6 25. Ng6 Bxc3 26. Qxc3 Rf7 27. f6 Re8 28. Ne7+ Rexe7 29. fxe7 Rxe7 30. Bg6 Ne4 31. Qf3 Nf6 32. Qf2 Bc6 33. Bf5 Qd6 34. Rxe7 Qxe7 35. Re1 Qd6 36. Qe3 Kf8 37. Qd3 Qxd3 38. Bxd3 Nxg4 39. Bg6 Nf6 40. Kf1 Bd7 41. Ke2 Be6 42. Kd3 Bf7 43. Bxf7 Kxf7 44. a4 h5 45. a5 bxa5 46. Ra1 Nd7 47. Rxa5 Ke6 48. Ra6+ Ke5 49. Rxa7 Kd6 50. Ke4 Nf6+ 51. Kf5 Ng4 52. Ra6+ Kc7 53. Rg6 Ne3+ 54. Ke4 Nxc4 55. Kd5 Ne3+ 56. Kxc5 Kd7 57. Kd4 Nf5+ 58. Ke5 Ne3 59. Rxg7+ Ke8 60. Kf4 Nd5+ 61. Kg5 Kf8 62. Rg6 Kf7 63. Ra6 h4 64. Kxh4 Ne3 65. g4 Kg7 66. Kg5 Nd5 67. Ra7+ Kg8 68. Kg6 Nf4+ 69. Kf5 Nd5 70. g5 Kf8 71. g6 Kg8 72. Kg5 Kh8 73. Kh6 1-0


[Site "https://www.chess.com"]

[Event "Titled Tuesday Blitz November 07 Early 2023"]
[White "Tatarinov, Dmitry"]
[Black "Talibov, Shiroghlan"]
[WhiteFideId "24160067"]
[BlackFideId "13429078"]
[WhiteElo "2693"]
[BlackElo "2889"]
[Result "0-1"]
[Round "3"]
[TimeControl "180+1"]
[Date "2023.11.07"]
[WhiteClock "0:00:19"]
[BlackClock "0:00:10"]
[Board "26"]

1. Nf3 c5 2. e4 a6 3. c4 e6 4. d4 cxd4 5. Nxd4 Qc7 6. Bd3 Nf6 7. O-O b6 8. Nc3 Bb7 9. Re1 d6 10. Nf3 Nbd7 11. Bf4 Be7 12. Rc1 Ne5 13. b3 O-O 14. h3 Rfd8 15. Bf1 Rac8 16. Nd4 Qb8 17. Qe2 Qa8 18. Na4 Ned7 19. f3 Bf8 20. Be3 d5 21. e5 Ne8 22. cxd5 Bxd5 23. Bf2 Bb4 24. Red1 b5 25. Nb2 Rxc1 26. Rxc1 Rc8 27. Rxc8 Qxc8 28. Nd3 Be7 29. Qc2 Qb7 30. Nf4 Nxe5 31. Nxd5 exd5 32. f4 Nd7 33. a4 bxa4 34. bxa4 Bc5 35. Qe2 Kf8 36. Qxa6 Qb2 37. Qd3 Nd6 38. Qc2 Bxd4 39. Qxb2 Bxb2 40. a5 d4 41. a6 Nb6 42. a7 Ndc8 43. Bd3 h6 44. Bh7 Nxa7 45. g4 Nc6 46. g5 hxg5 47. fxg5 g6 48. h4 Kg7 0-1


[Site "https://www.chess.com"]